 Dungeon Crawl Stone Soup version 0.27-a0-951-gae3e1deef5 (webtiles) character file.

Game seed: 17722848890209253642

35 polve the Cutter (level 3, 0/43 HPs)
             Began as a Demonspawn Abyssal Knight on Apr 11, 2021.
             Was a Follower of Lugonu.
             Killed from afar by Sigmund (4 damage)
             ... with a magic dart
             ... on level 2 of the Dungeon.
             The game lasted 00:00:58 (1229 turns).

polve the Cutter (Demonspawn Abyssal Knight)        Turns: 1229, Time: 00:00:59

Health: 0/43       AC:  4    Str: 13    XL:     3   Next: 17%
Magic:  4/4        EV: 11    Int: 13    God:    Lugonu [*.....]
Gold:   81         SH:  0    Dex: 12    Spells: 2/2 levels left

rFire    . . .     SeeInvis .   h - +2 short sword (freeze)
rCold    . . .     Faith    .   (no shield)
rNeg     . . .     Spirit   .   b - +0 leather armour
rPois    .         Reflect  .   (no helmet)
rElec    .         Harm     .   (no cloak)
rCorr    .         Rampage  .   (no gloves)
Will     .....                  d - +0 pair of boots
Stlth    ..........             (no amulet)
HPRegen  0.14/turn              (no ring)
MPRegen  0.09/turn              (no ring)

@: confused, berserking, very quick
A: spiny 1
a: Renounce Religion, Depart the Abyss


You were on level 2 of the Dungeon.
You worshipped Lugonu.
Lugonu was aware of your devotion.
You visited 1 branch of the dungeon, and saw 2 of its levels.
You visited the Abyss 1 time.

You collected 81 gold pieces.

Inventory:

Hand Weapons
 h - a +2 short sword of freezing (weapon)
Armour
 b - a +0 leather armour (worn)
 d - a +0 pair of boots (worn)
Scrolls
 c - a scroll of vulnerability {unknown}
 f - a scroll of blinking {unknown}
 g - a scroll of noise {unknown}


   Skills:
 - Level 3.0 Fighting
 + Level 3.3 Short Blades
 - Level 1.7 Armour
 - Level 0.8 Dodging
 - Level 2.4 Invocations


You had 2 spell levels left.
You didn't know any spells.
Your spell library was empty.

Dungeon Overview and Level Annotations

Branches:
Dungeon (2/15)

Altars:

Annotations:
D:2 Sigmund


Innate Abilities, Weirdness & Mutations

You are partially covered in sharp spines.


Message History

You see here a giant cockroach corpse.
Found a stone staircase leading up.
Sigmund the Dreaded comes into view.
He is wielding a +0 scythe and wearing a +0 robe of fire resistance.
Sigmund is nearby!
Sigmund closely misses you. Sigmund hits you with a +0 scythe!
You are too injured to fight recklessly!
You are too injured to fight recklessly!
You are too injured to fight recklessly!
You are too injured to fight recklessly!
You are too injured to fight recklessly!
You are too injured to fight recklessly!
You are too injured to fight recklessly!
You are too injured to fight recklessly!
You are too injured to fight recklessly!
You closely miss Sigmund. You hit Sigmund. You freeze Sigmund.
Sigmund is lightly wounded.
Sigmund is struck by your spines. Sigmund hits you but does no damage.
You closely miss Sigmund.
Sigmund is moderately wounded.
Sigmund points at himself and mumbles some strange words.
Sigmund flickers and vanishes!
Deactivating autopickup; reactivate with Ctrl-A.
You hit something. You freeze something. Something hits you.
You hit something. You freeze something. Something hits you!
You miss something. Something hits you.
* * * LOW HITPOINT WARNING * * *
You miss something. Something hits you.
* * * LOW HITPOINT WARNING * * *
You hit something. You freeze something.
You hear some strange, mumbled words.
You are confused.
It was a potion of berserk rage.
A red film seems to cover your vision as you go berserk!
You feel yourself moving faster!
You feel mighty!
You hear some strange, mumbled words.
A magic dart appears from out of thin air!
The magic dart hits you.
You die...

#.###...#### ##.#####
#.##....)## #.##
..#.......## #.#.######
#..........##.###.....###.
#.#.......##.# ##........
#.##.....###..###.#######.
#.###...## # #.#.##
#<###..## #$.#
.......####.. #.@#
#.##........#...{#
#.###†.###.....#.# #.#
#............# #..
.....#.#.#.###
#####.##.##...# #.# .### #
#.# .# ...


There were no monsters in sight!

Vanquished Creatures
  A dart slug (D:1)
  5 endoplasms (D:1)
  4 giant cockroaches
  A goblin (D:2)
  2 hobgoblins (D:1)
  4 jackals (D:1)
  A kobold (D:1)
  3 ball pythons
  4 bats
  A frilled lizard (D:1)
  2 rats (D:1)
28 creatures vanquished.

Notes
Turn   | Place    | Note
-------+----------+-------------------------------------------
     0 | Abyss:1  | polve the Demonspawn Abyssal Knight began the quest for the
                  | Orb.
     0 | Abyss:1  | Reached XP level 1. HP: 18/18 MP: 2/2
    54 | Abyss:1  | Noticed a chaos spawn
    61 | D:1      | Escaped the Abyss
   396 | D:1      | Gained mutation: You are partially covered in sharp spines.
                  | [demonic ancestry]
   396 | D:1      | Reached XP level 2. HP: 23/24 MP: 3/3
   403 | D:1      | Reached * piety under Lugonu
   842 | D:1      | Reached XP level 3. HP: 29/29 MP: 4/4
  1217 | D:2      | Noticed Sigmund
  1229 | D:2      | Killed from afar by Sigmund

Illustrated notes

Levels and vault maps discovered:
D:1:      dpeg_arrival_prison, layout_loops_ring
D:2:      layout_loops_ring, basic_altar, minmay_hexomino_c4, uniq_robin,
          uniq_sigmund, uniq_natasha

Skill      XL: |  1  2 |
---------------+-------+-----
Short Blades   | 2 3 |  3.3
Fighting       | |  3.0
Armour         | |  1.7
Dodging        | |  0.8
Invocations    | |  2.4

Action                   || total
-------------------------++-------
Melee: Short sword       ||    56
Invok: Depart the Abyss  ||     1
  Use: Potion            ||     2
 Stab: Sleeping          ||     1
Armor: Leather armour    ||    20
Dodge: Dodged            ||    20

Table legend: (Time is in decaauts)
 A = Elapsed time spent in this place.
 B = Non-inter-level travel time spent in this place.
 C = Inter-level travel time spent in this place.
 D = Time resting spent in this place.
 E = Time spent auto-exploring this place.
 F = Levels seen in this place.
 G = Mean time per level.
                   A        B        C        D        E       F      G
               +--------+--------+--------+--------+--------+-----+--------+
         Total |   1230 |   1195 |     35 |     15 |   1030 |   3 |  410.0 |
       Dungeon |   1165 |   1130 |     35 |     15 |    973 |   2 |  582.5 |
         Abyss |     65 |     65 |      0 |      0 |     57 |   1 |   65.0 |
               +--------+--------+--------+--------+--------+-----+--------+

Top non-repeatable levels by time:
     D:1: 1088 daAuts
     D:2: 76 daAuts
 Abyss:1: 65 daAuts
